[Event "15th Vandoeuvre Open 2019"]
[Site "Vandoeuvre-les-Nancy"]
[Date "2019.01.05"]
[Round "8"]
[White "Li, Di"]
[Black "Maurizzi, Marc Andria"]
[Result "1-0"]
[ECO "A40"]
[WhiteElo "2488"]
[BlackElo "2028"]
[Annotator "ChessBase"]
[PlyCount "83"]
[EventDate "2019.01.02"]
[EventType "swiss"]
[EventCountry "FRA"]
[SourceTitle "playchess.com"]
[Source "ChessBase"]
[SourceQuality "1"]
[TimeControl "5400+30"]

1. d4 e6 2. c4 b6 3. a3 Bb7 4. Nc3 f5 5. d5 Be7 6. g3 Nf6 7. Bg2 O-O 8. Nh3 Na6 9. b4 c5 10. b5 Nc7 11. O-O d6 12. a4 e5 13. Qc2 a5 14. bxa6 Bxa6 15. Qb3 e4 16. f3 exf3 17. exf3 Nd7 18. f4 Bf6 19. Ra2 Re8 20. Ne2 Re7 21. Nf2 Qf8 22. g4 fxg4 23. Nxg4 Rae8 24. Qd3 Qf7 25. h3 h5 26. Nh2 g6 27. Rc2 Kg7 28. Kh1 Bc8 29. Ng3 Re1 30. Ne4 Rxf1+ 31. Nxf1 Qe7 32. Bf3 Bd4 33. Rg2 Nf8 34. Be3 Bxe3 35. Nxe3 Bxh3 36. Qc3+ Kh6 37. Rh2 Qh4 38. Nxd6 Qxf4 39. Rxh3 Rxe3 40. Nf7+ Qxf7 41. Qxe3+ g5 42. Rxh5+ 1-0

[Event "15th Vandoeuvre Open 2019"]
[Site "Vandoeuvre-les-Nancy"]
[Date "2019.01.05"]
[Round "8"]
[White "Rauta, Nicolas"]
[Black "Fretel, Liza"]
[Result "1-0"]
[ECO "A36"]
[WhiteElo "1904"]
[BlackElo "1855"]
[Annotator "NA"]
[PlyCount "109"]
[EventDate "2019.01.02"]
[EventType "swiss"]
[EventCountry "FRA"]
[SourceTitle "playchess.com"]
[Source "ChessBase"]
[SourceQuality "1"]
[TimeControl "5400+30"]

1. c4 c5 2. Nc3 Nc6 3. g3 g6 4. Bg2 Bg7 5. d3 a6 6. e4 Rb8 7. Be3 d6 8. Nge2 Nd4 9. O-O b5 10. cxb5 Nxe2+ 11. Qxe2 axb5 12. f4 b4 13. Nd1 Qa5 14. Nf2 Bb7 15. Rfe1 e6 16. Qd2 Ne7 17. Rec1 O-O 18. d4 Rfc8 19. dxc5 dxc5 20. Qd6 Qc7 21. Qxc7 Rxc7 22. Rxc5 Rbc8 23. Rac1 Rxc5 24. Rxc5 Bxb2 25. Rxc8+ Bxc8 26. Bc5 Nc6 27. e5 Bd4 28. Bxd4 Nxd4 29. Nd3 Nc2 30. Nc5 Kf8 31. Kf2 Ke7 32. Be4 Nd4 33. Ke3 Nb5 34. Nd3 f6 35. Nxb4 fxe5 36. Nc6+ Kd6 37. Nxe5 Nc3 38. a3 Ba6 39. Bd3 Bb7 40. Kd4 Na4 41. Bb5 Nb6 42. Nc4+ Nxc4 43. Bxc4 Bc6 44. Bb3 h6 45. h4 g5 46. hxg5 hxg5 47. fxg5 e5+ 48. Ke3 Ke7 49. a4 Kf8 50. a5 Bb7 51. Bc4 Kg7 52. a6 Bxa6 53. Bxa6 Kg6 54. Ke4 Kxg5 55. Bc8 1-0

[Event "15th Vandoeuvre Open 2019"]
[Site "Vandoeuvre-les-Nancy"]
[Date "2019.01.05"]
[Round "8"]
[White "Budak, Rezan"]
[Black "Paternoster, Thibaud"]
[Result "0-1"]
[ECO "B14"]
[WhiteElo "1883"]
[BlackElo "1879"]
[Annotator "NA"]
[PlyCount "64"]
[EventDate "2019.01.02"]
[EventType "swiss"]
[EventCountry "FRA"]
[SourceTitle "playchess.com"]
[Source "ChessBase"]
[SourceQuality "1"]
[TimeControl "5400+30"]

1. d4 Nf6 2. c4 e6 3. Nf3 c5 4. e3 cxd4 5. exd4 d5 6. Nc3 Be7 7. Bf4 O-O 8. Rc1 dxc4 9. Bxc4 a6 10. a4 Nbd7 11. O-O Nb6 12. Bd3 Nbd5 13. Be5 Bd7 14. Re1 Bc6 15. Bb1 Rc8 16. Nxd5 Bxd5 17. Rxc8 Qxc8 18. Qd3 Qc4 19. Qd1 Rc8 20. Ng5 h6 21. Bxf6 Bxf6 22. Ne4 Qxd4 23. Nxf6+ Qxf6 24. Qd3 g6 25. Qe2 Qg5 26. f3 Rc1 27. Bd3 Rxe1+ 28. Qxe1 Bxf3 29. Bf1 Bc6 30. a5 Qc5+ 31. Kh1 Kg7 32. Qb1 Qxa5 0-1

[Event "15th Vandoeuvre Open 2019"]
[Site "Vandoeuvre-les-Nancy"]
[Date "2019.01.05"]
[Round "8"]
[White "Battistella, Valentin"]
[Black "Bellahcene, Anissa"]
[Result "1-0"]
[ECO "D02"]
[WhiteElo "1882"]
[BlackElo "1819"]
[Annotator "NA"]
[PlyCount "76"]
[EventDate "2019.01.02"]
[EventType "swiss"]
[EventCountry "FRA"]
[SourceTitle "playchess.com"]
[Source "ChessBase"]
[SourceQuality "1"]
[TimeControl "5400+30"]

1. d4 d5 2. Bf4 c6 3. Nf3 e6 4. e3 f5 5. Nbd2 Nf6 6. Ne5 Nbd7 7. Be2 Be7 8. O-O O-O 9. c4 Ne4 10. f3 Nxd2 11. Qxd2 g5 12. Nxd7 Bxd7 13. Be5 Be8 14. e4 dxe4 15. fxe4 Bf6 16. Bxf6 Qxf6 17. d5 Rd8 18. Rad1 h6 19. Qa5 Rd7 20. Kh1 Qe5 21. Rde1 b6 22. Qa3 Qd6 23. Qh3 exd5 24. cxd5 cxd5 25. exf5 Re7 26. Qd3 Qe5 27. h3 Bf7 28. Bf3 Qxe1 29. Rxe1 Rxe1+ 30. Kh2 Re5 31. Bd1 Rd8 32. Bc2 Rd6 33. Qg3 Re2 34. Qxd6 Rxc2 35. Qb8+ Kg7 36. Qe5+ Kg8 37. Qf6 Rd2 38. Qxh6 d4 1-0

[Event "15th Vandoeuvre Open 2019"]
[Site "Vandoeuvre-les-Nancy"]
[Date "2019.01.05"]
[Round "8"]
[White "Leccia, Antoine"]
[Black "Godde, Matthias"]
[Result "1/2-1/2"]
[ECO "B07"]
[WhiteElo "1696"]
[BlackElo "1881"]
[Annotator "NA"]
[PlyCount "40"]
[EventDate "2019.01.02"]
[EventType "swiss"]
[EventCountry "FRA"]
[SourceTitle "playchess.com"]
[Source "ChessBase"]
[SourceQuality "1"]
[TimeControl "5400+30"]

1. d4 Nf6 2. Nf3 g6 3. g3 Bg7 4. Bg2 O-O 5. O-O d6 6. a4 Nbd7 7. Nc3 c6 8. Re1 Qc7 9. e4 e5 10. h3 Re8 11. Be3 h6 12. Qd2 Kh7 13. Kh2 Nb6 14. b3 Nbd7 15. Rad1 a6 16. Qd3 Qa5 17. Nd2 Qc7 18. Nf3 Qa5 19. Nd2 Qc7 20. Nf3 Qa5 1/2-1/2

[Event "15th Vandoeuvre Open 2019"]
[Site "Vandoeuvre-les-Nancy"]
[Date "2019.01.06"]
[Round "9"]
[White "Leriche, Ines"]
[Black "Francois, Gwladys"]
[Result "1/2-1/2"]
[ECO "E42"]
[WhiteElo "1917"]
[BlackElo "1834"]
[Annotator "NA"]
[PlyCount "85"]
[EventDate "2019.01.02"]
[EventType "swiss"]
[EventCountry "FRA"]
[SourceTitle "playchess.com"]
[Source "ChessBase"]
[SourceQuality "1"]
[TimeControl "5400+30"]

1. d4 Nf6 2. c4 e6 3. Nc3 Bb4 4. e3 c5 5. Nge2 Ne4 6. a3 Qf6 7. f3 Nxc3 8. Nxc3 Bxc3+ 9. bxc3 O-O 10. Qc2 d6 11. Bd3 h6 12. O-O Nc6 13. Bd2 Qe7 14. f4 f5 15. d5 Na5 16. Rae1 Qf7 17. e4 b6 18. Rf3 exd5 19. exd5 Ba6 20. Rfe3 Bxc4 21. Bxc4 Nxc4 22. Re6 Rfe8 23. Bc1 Rxe6 24. dxe6 Qf6 25. Qd3 b5 26. Qd5 Re8 27. a4 Qxc3 28. e7+ Kh8 29. Qe6 Nb6 30. Bb2 Qxb2 31. Qf7 Qd4+ 32. Kh1 Rxe7 33. Qxe7 Qxf4 34. axb5 Qf2 35. h3 Nd5 36. Qf8+ Kh7 37. Re8 Qf1+ 38. Kh2 Qf4+ 39. Kh1 Qf1+ 40. Kh2 Qf4+ 41. Kh1 Qf1+ 42. Kh2 Qf2 43. Qg8+ {[%emt 0:02:27] Nf4} 1/2-1/2

[Event "15th Vandoeuvre Open 2019"]
[Site "Vandoeuvre-les-Nancy"]
[Date "2019.01.06"]
[Round "9"]
[White "Venard, Gautier"]
[Black "Leccia, Antoine"]
[Result "1-0"]
[ECO "A40"]
[WhiteElo "1897"]
[BlackElo "1696"]
[Annotator "NA"]
[PlyCount "65"]
[EventDate "2019.01.02"]
[EventType "swiss"]
[EventCountry "FRA"]
[SourceTitle "playchess.com"]
[Source "ChessBase"]
[SourceQuality "1"]
[TimeControl "5400+30"]

1. c4 e6 2. d4 b6 3. g3 Bb7 4. Nf3 Bb4+ 5. Bd2 Bxf3 6. exf3 Bxd2+ 7. Qxd2 d5 8. cxd5 exd5 9. Bg2 Ne7 10. O-O O-O 11. Nc3 Nd7 12. Rac1 Rc8 13. b4 c6 14. a4 Nf6 15. f4 Qd6 16. b5 c5 17. dxc5 bxc5 18. Ne4 Nxe4 19. Bxe4 Rfd8 20. Rfd1 d4 21. Qa5 Qb6 22. Qxb6 axb6 23. a5 Nd5 24. Bxd5 Rxd5 25. a6 Rd7 26. f5 Kf8 27. Kg2 Ke7 28. Kf3 Kd6 29. Rxd4+ cxd4 30. Rxc8 Kd5 31. Ke2 f6 32. Kd3 Ke5 33. Rc6 1-0

[Event "15th Vandoeuvre Open 2019"]
[Site "Vandoeuvre-les-Nancy"]
[Date "2019.01.06"]
[Round "9"]
[White "Godde, Matthias"]
[Black "Battistella, Valentin"]
[Result "0-1"]
[ECO "C10"]
[WhiteElo "1881"]
[BlackElo "1882"]
[Annotator "NA"]
[PlyCount "56"]
[EventDate "2019.01.02"]
[EventType "swiss"]
[EventCountry "FRA"]
[SourceTitle "playchess.com"]
[Source "ChessBase"]
[SourceQuality "1"]
[TimeControl "5400+30"]

1. d4 Nf6 2. Nf3 e6 3. e3 d5 4. Bd3 Bd6 5. O-O Nbd7 6. Nbd2 b6 7. e4 dxe4 8. Nxe4 Be7 9. Re1 Bb7 10. Ng3 O-O 11. Qe2 c5 12. Be3 Qc7 13. Rad1 Rfe8 14. c3 Rad8 15. Ng5 h6 16. N5e4 Nxe4 17. Nxe4 f5 18. Ng3 f4 19. Qg4 fxe3 20. Qxe6+ Kh8 21. Rxe3 Nf8 22. Qh3 Bg5 23. Rxe8 Rxe8 24. Bf5 Qe7 25. d5 g6 26. d6 Qe5 27. Bd7 Rd8 28. f4 Bxf4 0-1

[Event "15th Vandoeuvre Open 2019"]
[Site "Vandoeuvre-les-Nancy"]
[Date "2019.01.06"]
[Round "9"]
[White "Paternoster, Thibaud"]
[Black "Rauta, Nicolas"]
[Result "1-0"]
[ECO "E54"]
[WhiteElo "1879"]
[BlackElo "1904"]
[Annotator "NA"]
[PlyCount "73"]
[EventDate "2019.01.02"]
[EventType "swiss"]
[EventCountry "FRA"]
[SourceTitle "playchess.com"]
[Source "ChessBase"]
[SourceQuality "1"]
[TimeControl "5400+30"]

1. e4 c6 2. d4 d5 3. exd5 cxd5 4. c4 dxc4 5. Bxc4 Nf6 6. Nf3 e6 7. O-O Be7 8. Nc3 O-O 9. a3 a6 10. d5 Qc7 11. Qe2 b5 12. Bb3 exd5 13. Nxd5 Nxd5 14. Bxd5 Bb7 15. Bf4 Qd7 16. Bxb7 Qxb7 17. Rac1 Nc6 18. Rxc6 Qxc6 19. Qxe7 Rfe8 20. Qd6 Qe4 21. Be3 h6 22. Qf4 Qd5 23. Qd4 Qf5 24. h3 Re6 25. Rd1 Rae8 26. Qd5 Qf6 27. Bd4 Qg6 28. Bc3 Re2 29. Rd4 Qe6 30. Qh5 Re4 31. Qd5 Re2 32. Qxe6 R2xe6 33. Rd5 g6 34. Nd4 Rb6 35. g3 h5 36. Ba5 Rf6 37. Bd8 1-0